 Dungeon Crawl Stone Soup version 0.29-a0-920-g5d2155ec51 (webtiles) character file.

Game seed: 2408731975246603363

597 Garessta the Gusty (level 7, 0/41 HPs)
             Began as an Octopode Air Elementalist on July 27, 2022.
             Succumbed to a gnoll sergeant's poison
             ... on level 4 of the Dungeon.
             The game lasted 00:11:01 (5736 turns).

Garessta the Gusty (Octopode Air Elementalist)      Turns: 5736, Time: 00:11:01

Health: 0/41       AC:  1    Str:  8    XL:     7   Next: 40%
Magic:  8/14       EV: 13    Int: 19    God:
Gold:   160        SH:  0    Dex: 12    Spells: 6/16 levels left

rFire   . . .      SeeInvis .   d - +0 dagger
rCold   . . .      Faith    .   (no shield)
rNeg    . . .      Spirit   .   (helmet restricted)
rPois   .          Reflect  .   (no amulet)
rElec   .          Harm     .   (no ring)
rCorr   .          Rampage  .   (no ring)
Will    .....                   (no ring)
Stlth   +++.......              (no ring)
HPRegen 0.13/turn               (no ring)
MPRegen 0.14/turn               (no ring)
                                (no ring)
                                (no ring)

@: lethally poisoned (0 -> -18)
A: almost no armour, amphibious, 8 rings, camouflage 1, gelatinous body 1,
(nimble swimmer 1), tentacles
a: no special abilities


You were on level 4 of the Dungeon.
You visited 1 branch of the dungeon, and saw 5 of its levels.

You collected 160 gold pieces.

Inventory:

Hand Weapons
 d - a +0 dagger (weapon)
Missiles
 b - 10 poisoned darts
 q - 3 boomerangs
Armour
 k - a +2 buckler
Wands
 t - a wand of polymorph (6)
Scrolls
 e - 2 scrolls of magic mapping {unknown}
 g - a scroll of butterflies {unknown}
 h - 2 scrolls of teleportation {unknown}
 m - a scroll of enchant weapon {unknown}
 n - 2 scrolls of immolation {unknown}
 r - a scroll of identify {unknown}
 s - a scroll of fear {unknown}
Potions
 a - 2 potions of magic
 c - 5 potions of curing {unknown}
 f - 2 potions of degeneration {unknown}
 i - 2 potions of mutation {unknown}
 j - 5 potions of heal wounds {unknown}
 l - a potion of lignification {unknown}
 o - a potion of attraction {unknown}
 p - a potion of haste


   Skills:
 - Level 2.0 Dodging
 - Level 2.6 Stealth
 + Level 5.0 Spellcasting
 - Level 2.9 Conjurations
 + Level 5.9 Air Magic


You had 6 spell levels left.
You knew the following spells:

 Your Spells              Type           Power      Damage    Failure   Level
a - Shock                 Conj/Air       84%        1d8       1%          1
b - Static Discharge      Conj/Air       21%        3-6/arc   3%          2
c - Airstrike             Air            13%        0-5+      11%         4
z - Swiftness             Air            27%        N/A       3%          3

Your spell library contained the following spells:

 Spells                   Type           Power      Damage    Failure   Level
 Apportation              Tloc           8%         N/A       12%         1
 Necrotise                Necr           16%        1d4       12%         1
 Summon Small Mammal      Summ           16%        N/A       12%         1
 Anguish                  Hex/Necr       2%         N/A       77%         4
 Enfeeble                 Hex            2%         N/A       100%        7


Dungeon Overview and Level Annotations

Branches:
Dungeon (5/15)
 Temple: D:4-7

Altars:
Ashenzari
Elyvilon
Hepliaklqana
Makhleb
Sif Muna
Wu Jian

Annotations:
D:5 exclusion: centaur, Grinder


Innate Abilities, Weirdness & Mutations

You cannot wear most types of armour.
You are amphibious.
You can wear up to eight rings at the same time.
Your skin changes colour to match your surroundings (Stealth+).
Your rubbery body absorbs attacks. (AC +1, EV +1)
((You are camouflaged when in or above water. (Stealth+)))
You have tentacles for arms and can constrict up to eight enemies at once.


Message History

The zap hits the gnoll.
The gnoll is heavily wounded.
The zap hits the gnoll sergeant.
The gnoll sergeant is lightly wounded.
The gnoll sergeant shouts!
You hear a shout! x3
Aiming: Shock (safe; 2% risk of failure)
Press: ? - help, Q - select action, (/) - cycle Shift-Dir - straight line, f - gnoll sergeant, p - gnoll
Aim: a gnoll sergeant, wielding a +0 spear of venom and wearing a +0 ring mail (lightly wounded, 79% to hit)
The zap hits the gnoll!
You kill the gnoll!
The zap misses the gnoll sergeant.
There is a stone staircase leading up, spattered with blood here.
Okay, then.
The zap hits the gnoll sergeant.
The gnoll sergeant is moderately wounded.
You start resting.
A scorpion is nearby!
The zap hits the scorpion.
The scorpion is lightly wounded.
The scorpion is struck by an arc of lightning.
The scorpion is heavily wounded.
You are struck by an arc of lightning.
The lightning grounds out.
The scorpion stings you. The gnoll sergeant closely misses you.
The scorpion stings you.
Unknown command.
The scorpion is struck by an arc of lightning!
The scorpion is almost dead.
You are struck by an arc of lightning.
The scorpion is struck by an arc of lightning.
You kill the scorpion!
The lightning grounds out.
The gnoll sergeant hits you from afar with a +0 spear of venom!
You are poisoned.
Your Spellcasting skill increases to level 5!
You feel very sick.
The gnoll sergeant hits you from afar with a +0 spear of venom!
* * * LOW HITPOINT WARNING * * *
You are more poisoned.
You climb upwards.
You die...

...........###..##...#....##..###
...........##...##.............#.
...............###............##.
.........#####.#.#..#.........#..
.##...#..##.#....................
....).##[......................##
......##.####.........##).......#
....(..).##....>....<##........#.
........[##.....@.....##......##.
#........#....................##.
#.....).................#........
#....###................#.......#
#....###..............#...#....##
..##..##............####..#...##.
.#.>.##..#.............#......###
.#...#...#......................#
........#..........##..#.##......


There were no monsters in sight!

Vanquished Creatures
  A bullfrog (D:4)
  3 scorpions (D:5)
  3 jellies
  Crazy Yiuf (D:2)
  A hound (D:4)
  Jessica (D:2)
  An iguana (D:5)
  2 gnolls (D:5)
  4 adders (D:2)
  2 ufetubi (D:5)
  A dart slug (D:4)
  7 orcs
  7 ball pythons
  3 bats (D:3)
  10 endoplasms
  4 giant cockroaches
  8 hobgoblins
  8 kobolds
  4 quokkas
  2 frilled lizards
  5 goblins
  9 rats
87 creatures vanquished.

Vanquished Creatures (others)
  9 plants
9 creatures vanquished.

Grand Total: 96 creatures vanquished

Notes
Turn   | Place    | Note
-------+----------+-------------------------------------------
     0 | D:1      | Garessta the Octopode Air Elementalist began the quest for
                  | the Orb.
     0 | D:1      | Reached XP level 1. HP: 11/11 MP: 3/3
   275 | D:1      | Reached XP level 2. HP: 17/17 MP: 5/5
   309 | D:1      | Learned a level 2 spell: Static Discharge
  1064 | D:2      | Noticed Jessica
  1199 | D:2      | Reached XP level 3. HP: 17/21 MP: 1/6
  1297 | D:2      | Found a faded altar of an unknown god.
  1732 | D:2      | Learned a level 3 spell: Swiftness
  1879 | D:2      | Reached XP level 4. HP: 12/27 MP: 3/8
  2181 | D:2      | Killed Jessica
  2425 | D:2      | Found a runed translucent door.
  2426 | D:2      | Noticed Crazy Yiuf
  2838 | D:2      | Killed Crazy Yiuf
  2839 | D:2      | Reached XP level 5. HP: 15/31 MP: 6/9
  3148 | D:3      | Found a hazy altar of Hepliaklqana.
  4036 | D:4      | Found a white marble altar of Elyvilon.
  4102 | D:4      | Found a broken altar of Ashenzari.
  4103 | D:4      | Found an ornate altar of the Wu Jian Council.
  4110 | D:4      | Learned a level 4 spell: Airstrike
  4194 | D:4      | Reached XP level 6. HP: 30/36 MP: 2/11
  4895 | D:4      | Found a burning altar of Makhleb.
  5052 | D:5      | Entered Level 5 of the Dungeon
  5057 | D:5      | Reached skill level 5 in Air Magic
  5280 | D:5      | HP: 1/36 [/static electricity (3)]
  5281 | D:5      | Reached XP level 7. HP: 2/41 MP: 4/13
  5687 | D:5      | Found a shimmering blue altar of Sif Muna.
  5695 | D:5      | Noticed Grinder
  5735 | D:5      | Reached skill level 5 in Spellcasting
  5736 | D:4      | Succumbed to a gnoll sergeant's poison

Illustrated notes

Levels and vault maps discovered:
D:1:      lightli_arrival_isolated_outpost, layout_basic
D:2:      layout_basic, shapermc_ecumenical_altar_hornbeckon,
          uniq_crazy_yiuf_cottage, uniq_jessica
D:3:      layout_loops_ring, nicolae_hepliaklqana_hazy_memory, serial_aquarium,
          aquarium_bridge_square [aquarium_subvault_balcony,
          aquarium_subvault_wall, aquarium_subvault_bridge,
          aquarium_subvault_bridge], aquarium_window_corridor_2,
          aquarium_window_fake, aquarium_window_fake, aquarium_window_fake,
          aquarium_view_4, aquarium_view_2b, aquarium_balcony_5b,
          aquarium_pool_corner
D:4:      layout_cave_pools, kennysheep_mini, old_standard_altar,
          mainiacjoe_overflow_large_starburst, minmay_misc_feat_doors
D:5:      layout_rooms, lemuel_round_altar, nicolae_sif_muna_condensation,
          uniq_grinder, uniq_edmund

Skill      XL: |  1  2  3  4  5  6  7 |
---------------+----------------------+-----
Conjurations   | 2 |  2.9
Spellcasting   | 3 4 5 |  5.0
Air Magic      | 4 5 |  5.9
Dodging        | |  2.0
Stealth        | |  2.6

Action                   |  1- 3 |  4- 6 |  7- 9 || total
-------------------------+-------+-------+-------++-------
Melee: Dagger            |    18 |    13 |       ||    31
       Constrict         |     5 |     2 |       ||     7
       Tentacles         |     5 |     1 |       ||     6
       Punch             |     1 |       |       ||     1
 Cast: Shock             |    49 |    70 |    15 ||   134
       Static Discharge  |     5 |    17 |     3 ||    25
 Stab: Sleeping          |     3 |    12 |       ||    15
Armor: Skin              |     1 |     2 |       ||     3
Dodge: Dodged            |    16 |    20 |     1 ||    37

Table legend: (Time is in decaauts)
 A = Elapsed time spent in this place.
 B = Non-inter-level travel time spent in this place.
 C = Inter-level travel time spent in this place.
 D = Time resting spent in this place.
 E = Time spent auto-exploring this place.
 F = Levels seen in this place.
 G = Mean time per level.
                   A        B        C        D        E       F      G
               +--------+--------+--------+--------+--------+-----+--------+
         Total |   5736 |   5486 |    250 |    415 |   4453 |   5 | 1147.2 |
       Dungeon |   5736 |   5486 |    250 |    415 |   4453 |   5 | 1147.2 |
               +--------+--------+--------+--------+--------+-----+--------+

Top non-repeatable levels by time:
     D:2: 1922 daAuts
     D:4: 1418 daAuts
     D:1: 1145 daAuts
     D:3: 907 daAuts
     D:5: 341 daAuts
